 Dungeon Crawl Stone Soup version 0.22.1-5-g62c59d9 (console) character file.

41542 erker the Transmogrifier (level 14, -2/132 HPs)
             Began as an Octopode Transmuter on Jan 13, 2019.
             Was a High Priest of Cheibriados.
             Slain by a phantasmal warrior (16 damage)
             ... led by a death knight
             ... on level 14 of the Dungeon on Jan 15, 2019.
             The game lasted 02:56:37 (23657 turns).

erker the Transmogrifier (Octopode Transmuter)     Turns: 23657, Time: 02:56:38

Health: -2/132     AC: 31    Str: 30    XL:     14   Next: 15%
Magic:  5/26       EV:  2    Int: 32    God:    Cheibriados [*****.]
Gold:   1237       SH:  7    Dex: 24    Spells: 1/30 levels left

rFire    . . .     SeeInvis .   a - +6 flail (protect)
rCold    . . .     Gourm    .   X - +1 buckler
rNeg     + + +     Faith    .   (helmet currently unavailable)
rPois    +         Spirit   .   (no amulet)
rElec    .         Reflect  .   j - +3 ring of strength
rCorr    .         Harm     .   C - ring of positive energy (curse)
MR       +....     NoTele   +   F - ring of wizardry
Stlth    +++.......             M - ring of wizardry
HPRegen  0.32/turn              S - ring of stealth
MPRegen  0.20/turn              V - ring of protection from magic
                                z - ring of attention (curse)
                                u - +4 ring of protection

@: mighty, tree-form (expiring), vulnerable, very slightly contaminated, slowed,
very slow
A: almost no armour, stealthy swim, (amphibious), 8 rings, (constrict 8)
a: Bend Time, Temporal Distortion, Slouch, Step From Time, Renounce Religion


You were on level 14 of the Dungeon.
You worshipped Cheibriados.
Cheibriados was extremely pleased with you.
You were not hungry.
You were a tree.
You visited 3 branches of the dungeon, and saw 20 of its levels.
You also visited: Ossuary.

You collected 1237 gold pieces.

Inventory:

Hand Weapons
 a - a +6 flail of protection (weapon)
 G - a +1 scimitar of flaming
Missiles
 b - 303 arrows
 e - 17 poisoned needles
 g - 14 bolts
 w - 14 tomahawks (quivered)
Armour
 X - a +1 buckler (worn)
Jewellery
 j - a +3 ring of strength (left branch)
 k - an uncursed amulet of faith
 u - a +4 ring of protection (on tentacle)
 z - a cursed ring of attention (on tentacle)
 C - a cursed ring of positive energy (right branch)
 F - a ring of wizardry (on tentacle)
 M - a ring of wizardry (on tentacle)
 S - a ring of stealth (on tentacle)
 V - a ring of protection from magic (on tentacle)
Wands
 i - a wand of acid (12)
 t - a wand of flame (11)
 v - a wand of paralysis (6)
 x - a wand of iceblast (3)
 y - a wand of polymorph (13)
 Q - a wand of disintegration (29)
 T - a wand of enslavement (8)
 Y - a wand of digging (12)
Scrolls
 d - 2 scrolls of enchant armour
 f - 7 scrolls of remove curse
 n - a scroll of amnesia
 q - 13 scrolls of identify
 s - 6 scrolls of teleportation
 D - a scroll of magic mapping
Potions
 l - a potion of mutation
 o - 4 potions of might
 r - 2 potions of ambrosia
 I - 2 potions of lignification
Miscellaneous
 Z - a lamp of fire
Comestibles
 c - 33 rations


   Skills:
 + Level 5.2 Fighting
 - Level 4.5 Long Blades
 * Level 8.6 Maces & Flails
 + Level 5.4 Dodging
 - Level 2.2 Stealth
 - Level 4.0 Shields
 - Level 3.0 Unarmed Combat
 + Level 8.9 Spellcasting
 + Level 7.5 Conjurations
 * Level 3.5 Charms
 * Level 10.3 Transmutations
 + Level 6.4 Ice Magic
 - Level 5.0 Air Magic
 * Level 7.4 Earth Magic
 * Level 7.1 Invocations


You had one spell level left.
You knew the following spells:

 Your Spells              Type           Power        Failure   Level  Hunger
a - Beastly Appendage     Tmut           ######       1%          1    None
f - Freezing Cloud        Conj/Ice/Air   ######....   11%         6    #####..
i - Iskenderun's Mystic   Conj           ######..     1%          4    None
l - Lee's Rapid Deconstr  Erth           ######....   1%          5    ###....
o - Ozocubu's Armour      Chrm/Ice       #####...     1%          3    None
p - Petrify               Tmut/Erth      ######..     1%          4    None
t - Sticks to Snakes      Tmut           ######..     1%          2    None
y - Ice Form              Ice/Tmut       ######..     1%          4    None

Your spell library contained the following spells:

 Spells                   Type           Power        Failure   Level  Hunger
 Animate Skeleton         Necr           N/A          1%          1    None
 Apportation              Tloc           ##....       1%          1    None
 Confusing Touch          Hex            ##....       1%          1    None
 Freeze                   Ice            ####         1%          1    None
 Magic Dart               Conj           ####         1%          1    None
 Sandblast                Erth           ######       1%          1    None
 Summon Butterflies       Summ           ##......     1%          1    None
 Summon Small Mammal      Summ           ##..         1%          1    None
 Passwall                 Tmut/Erth      ######..     1%          2    None
 Poisonous Vapours        Pois/Air       ####..       1%          2    None
 Searing Ray              Conj           ######       1%          2    None
 Throw Frost              Conj/Ice       ######       1%          2    None
 Conjure Flame            Conj/Fire      #####...     1%          3    None
 Dazzling Spray           Conj/Hex       #####.       1%          3    None
 Ignite Poison            Fire/Tmut/Pois #####...     1%          3    None
 Mephitic Cloud           Conj/Pois/Air  #####...     1%          3    None
 Spider Form              Tmut/Pois      #####.....   1%          3    None
 Stone Arrow              Conj/Erth      ######       1%          3    None
 Force Lance              Conj/Tloc      #####...     1%          4    None
 Fulminant Prism          Conj/Hex       #####.....   1%          4    None
 Throw Icicle             Conj/Ice       ######..     1%          4    None
 Blade Hands              Tmut           ######....   1%          5    ###....
 Summon Ice Beast         Ice/Summ       #####...     2%          4    None
 Iskenderun's Battlesphe  Conj/Chrm      #####...     2%          5    ###....
 Call Canine Familiar     Summ           ##......     3%          3    None
 Bolt of Magma            Conj/Fire/Erth #####.....   3%          5    ###....
 Fireball                 Conj/Fire      #####.....   5%          5    ###....
 Venom Bolt               Conj/Pois      #####.....   5%          5    ###....
 Iron Shot                Conj/Erth      ######....   7%          6    #####..
 Summon Mana Viper        Hex/Summ       ##......     24%         5    ###....
 Bolt of Fire             Conj/Fire      #####.....   28%         6    #####..
 Orb of Destruction       Conj           ######....   32%         7    ######.
 Spellforged Servitor     Conj/Summ      #####.....   80%         7    ######.
 Ring of Flames           Chrm/Fire      ####......   96%         7    ######.
 Summon Hydra             Summ           ##........   99%         7    ######.
 Ignition                 Fire           ##........   100%        8    #######


Dungeon Overview and Level Annotations

Branches:
Dungeon (14/15)            Temple (1/1) D:5            Lair (5/6) D:10
 Shoals (0/4) Lair:3       Spider (0/4) Lair:4          Orc (0/2) D:9
  Slime: Lair:5-6    Vaults: D:13-14

Altars:
Ashenzari
Cheibriados
Dithmenos
Elyvilon
Fedhas
Gozag
Hepliaklqana
Kikubaaqudgha
Makhleb
Nemelex Xobeh
Okawaru
Qazlal
Ru
Sif Muna
Trog
Uskayaw
Vehumet
Wu Jian
Xom
Yredelemnul
Zin
The Shining One
Beogh

Shops:
D:5 }

Annotations:
D:14 1 runed door, HandofTrog's ghost, journeyman DsGl
Lair:1 3 runed doors, erker's ghost, journeyman DDFi


Innate Abilities, Weirdness & Mutations

You cannot wear most types of armour.
You are very stealthy in the water. (Stealth+)
((You are amphibious.))
You can wear up to eight rings at the same time.
((You can use your tentacles to constrict eight enemies at once.))
((Your skin changes colour to match your surroundings (Stealth+).))
((Your rubbery body absorbs attacks. (AC +1, EV +1)))


Message History

You feel better.
Your adder closely misses the phantasmal warrior.
You block the freezing wraith's attack. The freezing wraith hits you.
* * * LOW HITPOINT WARNING * * *
The freezing wraith drains your vigour!
You feel yourself slow down.
The death knight hits you but does no damage.
The phantasmal warrior hits you but does no damage.
Your adder barely misses the phantasmal warrior.
You feel better. You block the freezing wraith's attack.
The freezing wraith hits you but does no damage.
The phantasmal warrior hits you but does no damage.
You block the death knight's attack.
Your adder bites the phantasmal warrior but does no damage.
The freezing wraith hits you.
* * * LOW HITPOINT WARNING * * *
The freezing wraith freezes you!
* * * LOW HITPOINT WARNING * * *
The freezing wraith completely misses you.
The phantasmal warrior hits you!
You die...

...........#.###.).......#.##....
.......#'#.#.#...).....#.#.####..
.......#.......))......#..S...#..
..###'##....[))..####..#.#.......
###........)..)..####..#.........
#...........[......###.#.........
............)...)..# #.#.........
.............#...W.###...........
................♣p......)......##
........<)..##...WS##..>.......##
....#......###....)##..#.###.####
....#...............)..#>.. .....
....#......##.....).)..#.###....
....#......##.####)....#.# #....
..........###..#.......#...#....
...............#.##.#..#...#....#
......####.#...#'#...............


You could see a death knight, a phantasmal warrior, a freezing wraith and a
friendly adder.

Vanquished Creatures
  Rupert (D:14)
  2 hydras
  5 two-headed ogres
  Nergalle (Lair:4)
  A skeletal warrior (D:14)
  2 phantasmal warriors (D:14)
  2 deep elf magi
  4 cyclopes
  A manticore (D:11)
  3 ugly things
  4 oklob plants
  Maurice (D:8)
  2 centaur zombies
  Joseph (D:7)
  An efreet (D:13)
  4 kobold demonologists
  A komodo dragon (Lair:5)
  A tengu conjurer (D:12)
  A hornet (D:8)
  3 trolls
  6 slime creatures (D:13)
  A snapping turtle (Lair:3)
  7 blink frogs
  9 hippogriffs
  A wraith (D:13)
  A basilisk (Lair:3)
  9 yaks
  4 vampire mosquitoes (D:13)
  2 acid dragons
  6 water moccasins
  9 orc warriors
  11 porcupines
  6 ice beasts
  3 sky beasts
  2 black bears (D:9)
  2 necrophages
  A hornet zombie (D:7)
  7 ogres
  5 phantoms
  21 wolves
  13 centaurs
  4 crocodiles
  3 big kobolds
  13 bullfrogs
  A wyvern skeleton (D:14)
  2 scorpions
  6 killer bees
  13 wights
  5 howler monkeys
  4 jellies
  7 crimson imps
  2 bullfrog zombies
  A bullfrog skeleton (D:13)
  3 centaur skeletons
  11 orc priests
  A gnoll shaman (D:7)
  4 hounds
  12 orc wizards
  4 iguanas
  9 worker ants
  2 big kobold zombies (Ossuary)
  2 mummies (Ossuary)
  7 gnolls
  12 adders
  2 howler monkey skeletons
  3 shadow imps
  An adder skeleton (D:8)
  5 adder zombies
  4 worms
  3 dart slugs
  4 leopard geckos
  49 orcs
  3 ball pythons
  7 giant cockroaches
  3 gnoll zombies (Ossuary)
  11 goblins
  6 hobgoblins
  22 jackals
  6 quokkas
  5 bats
  6 frilled lizards
  2 goblin zombies (D:7)
  4 hobgoblin zombies (Ossuary)
  A jackal zombie (D:8)
  13 kobolds
  2 kobold zombies (Ossuary)
  5 orc zombies (Ossuary)
  5 rats
  A fungus (Lair:3)
  6 plants
474 creatures vanquished.

Vanquished Creatures (collateral kills)
  2 hydras
  2 centaur warriors
  An ogre mage (D:14)
  2 two-headed ogres
  A gargoyle (D:11)
  A spiny frog (Lair:1)
  A troll (D:11)
  2 blink frogs (Lair:1)
  5 yaks (D:11)
  A hungry ghost (D:11)
  A water moccasin (Lair:2)
  A swamp drake (D:9)
  2 orc warriors
  A phantom (D:4)
  A necrophage (D:8)
  A wolf (Lair:4)
  A centaur (D:14)
  A crocodile (Lair:3)
  A crimson imp (D:11)
  4 orc wizards
  Crazy Yiuf (D:3)
  An orc priest (D:6)
  A bullfrog skeleton (D:11)
  A centaur skeleton (D:11)
  2 worker ants (D:8)
  2 gnolls (D:7)
  19 orcs
  2 jackals (D:6)
61 creatures vanquished.

Vanquished Creatures (others)
  A two-headed ogre (D:14)
  A vampire (D:11)
  A bat (D:3)
  3 fungi
6 creatures vanquished.

Grand Total: 541 creatures vanquished

Notes
Turn   | Place    | Note
-------+----------+-------------------------------------------
     0 | D:1      | erker the Octopode Transmuter began the quest for the Orb.
     0 | D:1      | Reached XP level 1. HP: 13/13 MP: 3/3
   329 | D:1      | Reached XP level 2. HP: 18/18 MP: 3/5
   440 | D:1      | Reached XP level 3. HP: 18/23 MP: 1/6
   465 | D:1      | Reached skill level 3 in Transmutations
   630 | D:1      | Learned a level 2 spell: Sticks to Snakes
  1073 | D:2      | Reached XP level 4. HP: 23/28 MP: 6/8
  1529 | D:2      | Reached skill level 4 in Transmutations
  1949 | D:2      | Reached XP level 5. HP: 25/33 MP: 9/9
  2533 | D:3      | Found a runed door.
  2537 | D:3      | Noticed Crazy Yiuf
  2554 | D:3      | Killed Crazy Yiuf
  2872 | D:3      | Found a faded altar of an unknown god.
  3294 | D:4      | Reached skill level 1 in Stealth
  3549 | D:4      | Reached XP level 6. HP: 35/38 MP: 8/11
  3596 | D:4      | Noticed a phantom
  3685 | D:4      | Killed a phantom
  3696 | D:4      | Reached skill level 5 in Transmutations
  4074 | D:4      | Learned a level 4 spell: Iskenderun's Mystic Blast
  4186 | D:5      | Entered Level 5 of the Dungeon
  4186 | D:5      | Found a staircase to the Ecumenical Temple.
  4195 | Temple   | Entered the Ecumenical Temple
  4270 | Temple   | Became a worshipper of Cheibriados the Contemplative
  4276 | Temple   | Learned a level 4 spell: Ice Form
  4390 | D:5      | Noticed an ice beast
  4409 | D:5      | Killed an ice beast
  4409 | D:5      | Reached skill level 1 in Ice Magic
  4409 | D:5      | Reached XP level 7. HP: 45/45 MP: 9/12
  4733 | D:5      | Found Jithrown's Gadget Boutique.
  5253 | D:6      | Reached skill level 1 in Conjurations
  5253 | D:6      | Reached skill level 6 in Transmutations
  5270 | D:6      | Reached XP level 8. HP: 50/50 MP: 6/14
  5429 | D:6      | Reached * piety under Cheibriados
  5500 | D:6      | You fall through a shaft for 3 floors!
  5606 | D:7      | Found a sand-covered staircase.
  5713 | Ossuary  | Entered an ossuary
  5923 | Ossuary  | Reached ** piety under Cheibriados
  6040 | D:7      | Reached skill level 7 in Transmutations
  6057 | D:7      | Found a glowing golden altar of the Shining One.
  6142 | D:7      | Found an opulent altar of Gozag.
  6191 | D:7      | Noticed a hippogriff
  6206 | D:7      | Killed a hippogriff
  6206 | D:7      | Reached XP level 9. HP: 21/55 MP: 10/16
  6432 | D:7      | Reached skill level 5 in Spellcasting
  6553 | D:7      | Noticed Joseph
  6755 | D:7      | Killed Joseph
  7151 | D:6      | Found a runed door.
  7355 | D:6      | Reached *** piety under Cheibriados
  7374 | D:6      | Learned a level 4 spell: Petrify
  7559 | D:6      | Found a roughly hewn altar of Beogh.
  7839 | D:8      | Noticed a hornet
  7873 | D:8      | Killed a hornet
  7873 | D:8      | Reached skill level 1 in Earth Magic
  8146 | D:8      | Noticed Maurice
  8160 | D:8      | Killed Maurice
  8168 | D:8      | Got a dazzling long sword
  8169 | D:8      | Identified the +6 long sword of Calamity {slice, Dex+5}
                  | (You found it on level 8 of the Dungeon)
  8522 | D:8      | Reached XP level 10. HP: 55/63 MP: 15/19
  8651 | D:8      | Reached skill level 8 in Transmutations
  8794 | D:8      | Reached **** piety under Cheibriados
  9299 | D:9      | Reached skill level 1 in Long Blades
  9344 | D:9      | Reached skill level 1 in Invocations
  9500 | D:9      | Found a staircase to the Orcish Mines.
  9516 | D:9      | Learned a level 6 spell: Freezing Cloud
  9789 | D:9      | Reached skill level 1 in Air Magic
  9873 | D:9      | Reached ***** piety under Cheibriados
 10239 | D:9      | Reached skill level 5 in Conjurations
 11019 | D:10     | Entered Level 10 of the Dungeon
 11060 | D:10     | Reached XP level 11. HP: 69/69 MP: 18/21
 11061 | D:10     | Noticed a two-headed ogre
 11077 | D:10     | Killed a two-headed ogre
 11077 | D:10     | Reached skill level 5 in Ice Magic
 11536 | D:10     | Found a staircase to the Lair.
 11867 | D:11     | Reached skill level 1 in Maces & Flails
 11882 | D:11     | Noticed a manticore
 11904 | D:11     | Killed a manticore
 12045 | D:11     | Noticed a red ugly thing
 12059 | D:11     | Killed a red ugly thing
 12167 | D:11     | Noticed a brown ugly thing
 12177 | D:11     | Killed a brown ugly thing
 12375 | D:11     | Reached ****** piety under Cheibriados
 12382 | D:11     | Reached skill level 5 in Dodging
 12400 | D:11     | Noticed a cyclops
 12412 | D:11     | Killed a cyclops
 12451 | D:11     | Reached skill level 5 in Air Magic
 12904 | D:11     | Noticed a two-headed ogre
 12991 | D:11     | Killed a two-headed ogre
 12991 | D:11     | Reached skill level 5 in Earth Magic
 12991 | D:11     | Reached XP level 12. HP: 42/75 MP: 3/22
 13117 | D:11     | Noticed a centaur warrior
 13138 | D:11     | Killed a centaur warrior
 13532 | Lair:1   | Entered Level 1 of the Lair of Beasts
 13537 | Lair:1   | Noticed a six-headed hydra
 13722 | Lair:1   | Reached skill level 5 in Maces & Flails
 14033 | Lair:1   | Noticed erker's ghost (journeyman DDFi)
 14061 | Lair:1   | Found a runed gate.
 14061 | Lair:1   | Found a runed gate.
 14061 | Lair:1   | Found a runed gate.
 14361 | Lair:1   | Reached skill level 1 in Shields
 14712 | Lair:1   | Killed a six-headed hydra
 15078 | Lair:2   | Reached skill level 9 in Transmutations
 15080 | Lair:2   | Reached skill level 5 in Invocations
 15905 | Lair:2   | You fall through a shaft!
 16391 | Lair:3   | Noticed a four-headed hydra
 16398 | Lair:3   | Killed a four-headed hydra
 16720 | Lair:3   | Found a staircase to the Shoals.
 16852 | Lair:3   | Reached XP level 13. HP: 81/81 MP: 14/24
 17099 | Lair:4   | Noticed Nergalle
 17112 | Lair:4   | Killed Nergalle
 17316 | Lair:4   | Reached skill level 5 in Fighting
 17710 | Lair:4   | Found a hole to the Spider Nest.
 17953 | Lair:4   | Learned a level 3 spell: Ozocubu's Armour
 19334 | D:12     | Reached skill level 1 in Charms
 21299 | D:13     | Reached skill level 10 in Transmutations
 21850 | D:14     | Noticed Rupert
 22524 | D:14     | Killed Rupert
 22524 | D:14     | Reached XP level 14. HP: 88/88 MP: 9/26
 23065 | D:14     | Found a runed door.
 23067 | D:14     | Noticed HandofTrog's ghost (journeyman DsGl)
 23103 | D:14     | HP: 3/88 [phantasmal warrior[a death knight] (21)]
 23491 | D:14     | Learned a level 5 spell: Lee's Rapid Deconstruction
 23654 | D:14     | HP: 1/132 [death knight/great sword (15)]
 23657 | D:14     | Slain by a phantasmal warrior

Skill      XL: |  1  2  3  4  5  6  7  8  9 10 11 12 13 14 |
---------------+-------------------------------------------+-----
Transmutations | 3 4 5 6 7 8 9 10 | 10.3
Spellcasting   | 3 4 6 7 8 |  8.9
Stealth        | 1 2 |  2.2
Fighting       | 2 3 4 5 |  5.2
Ice Magic      | 1 3 4 5 6 |  6.4
Conjurations   | 1 3 4 5 6 7 |  7.5
Dodging        | 3 4 5 |  5.4
Earth Magic    | 1 4 5 6 7 |  7.4
Long Blades    | 4 |  4.5
Invocations    | 2 4 5 6 7 |  7.1
Air Magic      | 2 5 |  5.0
Maces & Flails | 4 6 8 |  8.6
Shields        | 3 4 |  4.0
Charms         | 3 |  3.5
Unarmed Combat | |  3.0

Action                   |  1- 3 |  4- 6 |  7- 9 | 10-12 | 13-15 || total
-------------------------+-------+-------+-------+-------+-------++-------
Melee: Unarmed           |    27 |    10 |   168 |    37 |       ||   242
       Dagger            |    71 |   129 |    74 |       |       ||   274
       Constrict         |    29 |    28 |    29 |    83 |    31 ||   200
       Kick              |    22 |    42 |    27 |       |       ||    91
       Tentacles         |    11 |    21 |    33 |   232 |    80 ||   377
       Punch             |     1 |     3 |     3 |    26 |     8 ||    41
       Long sword        |       |       |    16 |   194 |     2 ||   212
       Flail             |       |       |       |   238 |   196 ||   434
Throw: Tomahawk          |       |       |     1 |    27 |    15 ||    43
 Cast: Beastly Appendage |    27 |    33 |    18 |       |       ||    78
       Sticks to Snakes  |       |     9 |    18 |    40 |    38 ||   105
       Ice Form          |       |     1 |    16 |       |       ||    17
       Iskenderun's Myst |       |       |     3 |     4 |     1 ||     8
       Petrify           |       |       |     3 |    92 |    17 ||   112
       Freezing Cloud    |       |       |       |    18 |    39 ||    57
       Ozocubu's Armour  |       |       |       |       |    28 ||    28
       Lee's Rapid Decon |       |       |       |       |     4 ||     4
Invok: Slouch            |       |       |       |       |     3 ||     3
       Temporal Distorti |       |       |       |       |     4 ||     4
Evoke: Wand              |       |       |     1 |     7 |     5 ||    13
  Use: Potion            |       |     1 |     4 |     7 |    18 ||    30
       Scroll            |       |       |     2 |    16 |    12 ||    30
 Stab: Sleeping          |     4 |    10 |    10 |    25 |     4 ||    53
       Distracted        |       |     2 |     1 |     6 |       ||     9
       Petrified         |       |       |     9 |   143 |    19 ||   171
       Petrifying        |       |       |       |    21 |     2 ||    23
  Eat: Chunk             |     1 |    11 |    12 |    25 |    10 ||    59
       Ration            |       |       |       |       |     5 ||     5
Armor: Skin              |     6 |    12 |    40 |    47 |    50 ||   155
Dodge: Dodged            |    58 |    77 |   168 |   270 |   145 ||   718
Block: Buckler           |       |       |       |     3 |    72 ||    75
       Rpst.: Long sword |       |       |     1 |    23 |       ||    24
